 Dungeon Crawl Stone Soup version 0.24-a0-408-gcc1054c7ca (webtiles) character file.

Game seed: 10387455916112850377

12308 Azzok the Severer (level 12, -2/81 HPs)
             Began as a Formicid Fighter on June 5, 2019.
             Was a High Priest of Okawaru.
             Slain by a white ugly thing (14 damage)
             ... on level 11 of the Dungeon.
             The game lasted 00:19:54 (12585 turns).

Azzok the Severer (Formicid Fighter)               Turns: 12585, Time: 00:19:55

Health: -2/81      AC: 16    Str: 26    XL:     12   Next: 18%
Magic:  19/19      EV: 10    Int:  8    God:    Okawaru [*****.]
Gold:   217        SH: 13    Dex: 17    Spells: 11/11 levels left

rFire    . . .     SeeInvis +   j - +2 war axe (flame)
rCold    + . .     Gourm    .   c - +1 shield
rNeg     . . .     Faith    .   x - +0 plate armour
rPois    +         Spirit   .   (helmet unavailable)
rElec    .         Reflect  .   i - +0 cloak of Duty {Dex+4} (curse)
rCorr    .         Harm     .   b - +0 pair of gloves of Atuegoag {rPois rC+ Dex+3}
MR       +....                  (no boots)
Stlth    ..........             (no amulet)
HPRegen  0.23/turn              (no ring)
MPRegen  0.16/turn              (no ring)

@: heroism, very slightly contaminated, invisible (expiring)
A: permanent stasis, dig shafts and tunnels, four strong arms, antennae 3
a: Dig, Shaft Self, Heroism, Finesse, Renounce Religion


You were on level 11 of the Dungeon.
You worshipped Okawaru.
Okawaru was extremely pleased with you.
You were not hungry.

You visited 1 branch of the dungeon, and saw 11 of its levels.
You also visited: Sewer.

You collected 785 gold pieces.
You spent 568 gold pieces at shops.

Inventory:

Hand Weapons
 j - a +2 war axe of flaming (weapon)
Armour
 b - the +0 pair of gloves of Atuegoag (worn) {rPois rC+ Dex+3}
   (You bought it in a shop on level 6 of the Dungeon)

   It affects your dexterity (+3).
   It protects you from cold.
   It protects you from poison.
 c - a +1 shield (worn)
 i - the cursed +0 cloak of Duty (worn) {Dex+4}
   (You bought it in a shop on level 6 of the Dungeon)

   It affects your dexterity (+4).
   It has a curse placed upon it.
 x - a +0 plate armour (worn)
Jewellery
 h - the ring of the Genius {Fire rN++}
   (You found it on level 6 of the Dungeon)

   [ring of fire]

   It enhances your fire magic.
   It protects you from fire.
   It makes you vulnerable to cold.
   It greatly protects you from negative energy.
 G - an uncursed ring of ice
Wands
 e - a wand of paralysis (6)
 n - a wand of acid (21)
 t - a wand of disintegration (17)
 A - a wand of polymorph (8)
 H - a wand of digging (6)
Scrolls
 k - 6 scrolls of enchant armour
 l - 2 scrolls of fog
 q - 4 scrolls of magic mapping
 v - 2 scrolls of remove curse
 D - a scroll of fear
 E - 2 scrolls of immolation
Potions
 a - a potion of flight {unknown}
 d - 3 potions of might
 g - 3 potions of mutation {!q}
 z - 3 potions of curing
 C - a potion of resistance
Comestibles
 f - 14 rations
 o - 4 chunks of flesh


   Skills:
 - Level 3.2(8.2) Fighting
 + Level 15.4(20.4) Axes
 - Level 3.2(8.2) Armour
 - Level 3.6(8.6) Shields
 - Level 10.0 Invocations
 + Level 4.3 Evocations


You had 11 spell levels left.
You didn't know any spells.
Your spell library was empty.

Dungeon Overview and Level Annotations

Branches:
Dungeon (11/15)            Temple (0/1) D:5            Lair (0/6) D:10
    Orc (0/2) D:9

Altars:
Ashenzari
Cheibriados
Dithmenos
Fedhas
Gozag
Hepliaklqana
Kikubaaqudgha
Nemelex Xobeh
Okawaru
Ru
Uskayaw
Wu Jian
The Shining One

Shops:
D:6 ![:   D:9 *   D:10 :

Annotations:
D:10 2 transporters, TheOvate's ghost, novice TeAE


Innate Abilities, Weirdness & Mutations

You cannot be hasted, slowed, berserked, paralysed or teleported.
You can dig through walls and to a lower floor.
Your four strong arms can wield two-handed weapons with a shield.
You have a pair of large antennae on your head. (SInv)


Message History

The red ugly thing is severely wounded.
You completely miss the red ugly thing.
The red ugly thing is severely wounded.
You block the red ugly thing's attack.
You slice the red ugly thing!! You burn the red ugly thing.
The red ugly thing is almost dead.
You strike the helpless red ugly thing from behind!
You hit the red ugly thing but do no damage.
The red ugly thing is almost dead.
You flicker for a moment.
You catch the helpless white ugly thing completely off-guard!
You slash the white ugly thing! You burn the white ugly thing.
The white ugly thing is severely wounded.
The white ugly thing barely misses you.
You hit the white ugly thing. You burn the white ugly thing.
The white ugly thing is severely wounded.
The white ugly thing trunk-slaps you!
* * * LOW HITPOINT WARNING * * *
The white ugly thing freezes you! You resist.
You die...

········· ▒·▒
▒·····▒▒▒··▒▒▒
·····▒▒▒· ▒·▒
▒·o···{o·o···o
·····▒ ▒·▒
▒····{·▒······
·····▒ ▒·▒
▒·▒▒▒··▒······
·····▒
···▒▒·▒▒▒·▒
▒··▒······
)····▒ {
···▒▒··†··▒
▒··▒······
·····▒
▒··▒▒u)···▒
▒··▒······
·····▒
▒··▒▒u▒▒··▒
▒··▒······
▒▒▒▒·▒
▒··▒▒@▒▒··▒
▒··▒······ ▒
▒·▒ ▒·▒
▒··▒▒·▒▒··▒
▒··▒ ····· ▒
▒·▒ ▒·▒
▒··▒▒·▒▒··▒
▒··▒ ··>·· ▒
▒·▒ ▒·▒
▒·····▒▒··▒ ▒
▒·▒ ▒·▒
▒·▒▒▒·▒▒··▒ ▒
▒·▒ ▒·▒ ▒·▒
▒·▒▒··▒ ▒ ▒·▒
▒·▒ ▒·▒
▒·▒▒··▒ ▒ ▒)▒
▒·▒▒▒·▒ ▒·▒
▒▒▒▒·▒▒▒·····▒
▒·▒


You could see 2 ugly things.

Vanquished Creatures
  A hydra (D:11)
  An unseen horror (D:11)
  Pikel (D:5)
  The ghost of Iwannabefree the Chiller, a novice NaIE of Nemelex Xobeh (D:6)
  An ugly thing (D:11)
  Joseph (D:7)
  A rime drake (shapeshifter) (D:10)
  2 trolls
  14 yaks
  A vampire (D:10)
  3 wyverns
  A hungry ghost (D:8)
  2 basilisks (D:10)
  A steam dragon (D:9)
  Duvessa (D:5)
  3 porcupines (D:10)
  4 orc warriors
  2 sky beasts
  A black bear (D:6)
  6 ice beasts
  2 phantoms
  A necrophage (D:11)
  4 ogres
  3 crocodiles
  2 centaurs
  A big kobold (D:10)
  7 bullfrogs
  A water moccasin zombie (D:10)
  4 scorpions
  8 killer bees
  5 wights (D:8)
  A vampire bat (D:2)
  2 crimson imps
  A bullfrog zombie (D:7)
  5 hounds
  A jelly (D:6)
  13 orc wizards
  2 bullfrog skeletons
  9 orc priests
  3 iguanas
  Terence (D:2)
  8 worker ants
  A worker ant zombie (D:5)
  4 gnolls
  12 adders
  A hound simulacrum (D:6)
  3 shadow imps
  A white imp (D:6)
  2 worker ant simulacra (D:6)
  11 oozes
  An adder zombie (D:8)
  6 worms
  2 adder skeletons
  2 dart slugs
  An adder simulacrum (D:6)
  14 leopard geckos
  60 orcs
  17 ball pythons
  5 bats
  A bat skeleton (D:2)
  4 bat zombies (D:2)
  8 giant cockroaches
  10 goblins
  12 hobgoblins
  11 jackals
  11 kobolds
  5 quokkas
  2 ball python zombies
  9 frilled lizards
  A giant cockroach zombie (D:1)
  A jackal skeleton (D:4)
  10 rats
360 creatures vanquished.

Vanquished Creatures (others)
  Dowan (D:5)
  An orc (D:11)
  3 fungi (D:10)
  A plant (D:10)
6 creatures vanquished.

Grand Total: 366 creatures vanquished

Notes
Turn   | Place    | Note
-------+----------+-------------------------------------------
     0 | D:1      | Azzok the Formicid Fighter began the quest for the Orb.
     0 | D:1      | Reached XP level 1. HP: 18/18 MP: 1/1
   172 | D:1      | Reached XP level 2. HP: 24/24 MP: 2/2
   283 | D:1      | Reached skill level 3 in Axes
   377 | D:1      | Reached XP level 3. HP: 29/29 MP: 3/3
  1101 | D:2      | Reached skill level 4 in Axes
  1101 | D:2      | Reached XP level 4. HP: 34/35 MP: 4/4
  1274 | D:2      | Reached XP level 5. HP: 33/41 MP: 5/5
  1450 | D:2      | Reached skill level 5 in Axes
  1465 | D:2      | Found an ancient bone altar of Kikubaaqudgha.
  1782 | D:2      | Noticed Terence
  1793 | D:2      | Killed Terence
  1793 | D:2      | Reached XP level 6. HP: 40/47 MP: 6/6
  2103 | D:3      | Reached skill level 6 in Axes
  2130 | D:3      | Found a faded altar of an unknown god.
  2163 | D:3      | Found a glowing drain.
  2185 | Sewer    | Entered a sewer
  2566 | Sewer    | Reached skill level 7 in Axes
  2566 | Sewer    | Reached XP level 7. HP: 44/52 MP: 7/7
  2899 | D:3      | Found a hazy altar of Hepliaklqana.
  3245 | D:4      | Reached skill level 8 in Axes
  3392 | D:4      | Reached XP level 8. HP: 58/58 MP: 8/8
  3465 | D:4      | Found an opulent altar of Gozag.
  3501 | D:4      | You fall into a shaft and drop 2 floors!
  3521 | D:6      | Reached skill level 9 in Axes
  3569 | D:6      | Noticed Iwannabefree's ghost (novice NaIE)
  3820 | D:6      | Found Ledoilil's Book Emporium.
  3932 | D:6      | Found a runed translucent gate.
  3932 | D:6      | Found a runed translucent gate.
  3934 | D:6      | Noticed a +0 dagger
  3934 | D:6      | Noticed a +0 hand axe
  4023 | D:6      | Reached skill level 10 in Axes
  4205 | D:6      | Found a runed translucent gate.
  4219 | D:6      | Found a hide-covered altar of Uskayaw.
  4231 | D:6      | Found an ornate altar of the Wu Jian Council.
  4291 | D:6      | Found Onleizi's Antique Armour Shoppe.
  4342 | D:6      | Bought a pair of heavily runed gloves for 266 gold pieces
  4466 | D:6      | Found Sawub's Distillery.
  4471 | D:6      | Bought a potion of curing for 36 gold pieces
  4641 | D:6      | Identified the +0 pair of gloves of Atuegoag {rPois rC+
                  | Dex+3} (You bought it in a shop on level 6 of the Dungeon)
  4693 | D:5      | Entered Level 5 of the Dungeon
  4709 | D:5      | Noticed Pikel
  4740 | D:5      | Killed Pikel
  4740 | D:5      | Reached skill level 11 in Axes
  4740 | D:5      | Reached XP level 9. HP: 50/64 MP: 9/9
  4888 | D:5      | Found an iron altar of Okawaru.
  4893 | D:5      | Became a worshipper of Warmaster Okawaru
  4985 | D:5      | Found a staircase to the Ecumenical Temple.
  5025 | D:5      | Found a sparkling altar of Nemelex Xobeh.
  5486 | D:5      | Noticed Dowan
  5496 | D:5      | Noticed Duvessa
  5503 | D:5      | Killed Duvessa
  5503 | D:5      | Reached skill level 1 in Invocations
  5512 | D:5      | Killed Dowan
  6200 | D:7      | Noticed Joseph
  6252 | D:7      | Killed Joseph
  6575 | D:7      | Reached skill level 12 in Axes
  6579 | D:7      | Found a glowing golden altar of the Shining One.
  6581 | D:7      | Found an ornate altar of the Wu Jian Council.
  6707 | D:7      | Reached * piety under Okawaru
  6886 | D:7      | Reached XP level 10. HP: 64/70 MP: 13/13
  6953 | D:7      | Found a blossoming altar of Fedhas.
  7050 | D:7      | Reached skill level 5 in Invocations
  7930 | D:8      | Found a shadowy altar of Dithmenos.
  8826 | D:9      | Reached ** piety under Okawaru
  8908 | D:9      | Reached skill level 13 in Axes
  9148 | D:9      | Found a shattered altar of Ashenzari.
  9149 | D:9      | Found a snail-covered altar of Cheibriados.
  9152 | D:9      | Found a sacrificial altar of Ru.
  9430 | D:9      | Reached *** piety under Okawaru
  9504 | D:9      | Found a staircase to the Orcish Mines.
  9640 | D:8      | Reached XP level 11. HP: 39/75 MP: 17/17
 10269 | D:9      | Found Voke's Assorted Antiques.
 10545 | D:6      | Bought a spiked cloak for 266 gold pieces
 10545 | D:6      | Identified the cursed +0 cloak of Duty {Dex+4} (You bought
                  | it in a shop on level 6 of the Dungeon)
 10670 | D:6      | Killed Iwannabefree's ghost
 10670 | D:6      | Reached skill level 10 in Invocations
 10767 | D:6      | Got the ring of the Genius {Fire}
 10851 | D:10     | Entered Level 10 of the Dungeon
 10851 | D:10     | Noticed a skeletal warrior
 10853 | D:10     | Found a transporter.
 10853 | D:10     | Noticed TheOvate's ghost (novice TeAE)
 10883 | D:10     | Reached **** piety under Okawaru
 10883 | D:10     | Reached skill level 14 in Axes
 10888 | D:10     | Found a transporter.
 10953 | D:10     | Found Fiapof's Book Emporium.
 11218 | D:10     | Reached ***** piety under Okawaru
 11514 | D:10     | Found a staircase to the Lair.
 11817 | D:10     | Reached skill level 15 in Axes
 11873 | D:10     | Reached skill level 1 in Evocations
 12518 | D:11     | Noticed an unseen horror
 12521 | D:11     | Noticed a red ugly thing
 12533 | D:11     | Noticed a four-headed hydra
 12536 | D:11     | Noticed a white ugly thing
 12553 | D:11     | Killed an unseen horror
 12553 | D:11     | Reached XP level 12. HP: 47/81 MP: 17/19
 12561 | D:11     | Killed a one-headed hydra
 12561 | D:11     | Received a gift from Okawaru
 12572 | D:11     | HP: 3/81 [white ugly thing (16)]
 12585 | D:11     | Slain by a white ugly thing

Levels and vault maps discovered:
D:1:      saegor_arrival_fortress, layout_loops_ring
D:2:      layout_loops_ring, kennysheep_vampire_church, uniq_terence
D:3:      layout_rooms, lemuel_round_altar, first_ration,
          chequers_ecumenical_altar_simple_redux, portal_sewer_entry_a
D:4:      layout_rooms, nicolae_gozag_cash_rules_everything_around_me
D:5:      layout_layer_cave, marbit_many_paths,
          nemelex_xobeh_ov_fountains_minmay,
          minmay_temple_entry_drinking_statues, uniq_pikel, uniq_duvessa
D:6:      layout_rooms, dancing_weapons_uskayaw, gammafunk_ghost_icy,
          basic_altar, serial_shops, shop, nicolae_shop_statue_plus, shop
D:7:      layout_basic, gammafunk_temple_overflow_statue, kennysheep_mini,
          uniq_joseph
D:8:      layout_loops_corners, grunt_dithmenos_smoke_and_mirrors
D:9:      layout_loops_ring, minitemple, hiddenorc2_lemuel, serial_shops, shop
D:10:     layout_cave_pools, minmay_lair_entry_grove, serial_shops, shop_statue,
          gammafunk_ghost_mausoleum
D:11:     layout_long_grid, uniq_josephine, uniq_sonja

Skill      XL: |  1  2  3  4  5  6  7  8  9 10 11 12 |
---------------+-------------------------------------+-----
Axes           | 3 4 5 7 8 11 12 13 15 | 15.4
Invocations    | 4 8 10 | 10.0
Evocations     | 3 4 |  4.3
Fighting       | |  3.2
Armour         | |  3.2
Shields        | |  3.6

Action                   |  1- 3 |  4- 6 |  7- 9 | 10-12 || total
-------------------------+-------+-------+-------+-------++-------
Melee: War axe           |    89 |   281 |   350 |   589 ||  1309
       Dagger            |       |       |     7 |       ||     7
Invok: Heroism           |       |       |       |     5 ||     5
  Use: Scroll            |       |       |     1 |    18 ||    19
       Potion            |       |       |     1 |     3 ||     4
 Stab: Invisible         |       |       |       |    11 ||    11
  Eat: Chunk             |       |     6 |    14 |    20 ||    40
       Ration            |       |       |       |     1 ||     1
Armor: Scale mail        |    43 |   145 |    57 |       ||   245
       Plate armour      |       |       |    70 |   221 ||   291
Dodge: Dodged            |    19 |   123 |    63 |    85 ||   290
Block: Shield            |    45 |   162 |   148 |   246 ||   601

Table legend:
 A = Non-vault XP
 B = Vault XP
 C = Vault XP percentage of total XP
 D = Non-vault monster count
 E = Vault monster count
 F = Vault count percentage of total count
                 A         B        C        D         E       F
            +---------+---------+-------+---------+---------+-------
      Total |   12663 |    4921 |  28.0 |     247 |     114 |  31.6
            +---------+---------+-------+---------+---------+-------
        D:1 |      63 |       2 |   3.1 |      28 |       2 |   6.7
        D:2 |     135 |     101 |  42.8 |      30 |       7 |  18.9
        D:3 |      37 |       5 |  11.9 |       8 |       4 |  33.3
        D:4 |     415 |       0 |   0.0 |      21 |       0 |   0.0
        D:5 |     106 |     887 |  89.3 |       5 |       4 |  44.4
        D:6 |     897 |    1027 |  53.4 |      24 |       9 |  27.3
        D:7 |     860 |     475 |  35.6 |      18 |       1 |   5.3
        D:8 |    1405 |      53 |   3.6 |      25 |       5 |  16.7
        D:9 |    2832 |     231 |   7.5 |      37 |      27 |  42.2
       D:10 |    2903 |    1821 |  38.5 |      37 |      12 |  24.5
       D:11 |    3010 |       0 |   0.0 |      14 |       0 |   0.0
      Sewer |       0 |     319 | 100.0 |       0 |      43 | 100.0
            +---------+---------+-------+---------+---------+-------
